 Dungeon Crawl Stone Soup version 0.16-a0-764-g7febf84 (webtiles) character file.

361 MackTheKnife the Cutter (level 6, -6/37 HPs)
             Began as a Halfling Artificer on Sept 24, 2014.
             Was an Initiate of Ashenzari.
             Killed by nerve-wracking pain
             ... invoked by Grinder
              (7 damage)
             ... on Level 4 of the Dungeon.
             The game lasted 00:08:18 (3968 turns).

MackTheKnife the Cutter (Halfling Artificer)        Turns: 3968, Time: 00:08:18

HP  -6/37        AC  4     Str 11      XL: 6   Next: 99%
MP   9/9         EV 22     Int 13      God: Ashenzari [......]
Gold 113         SH  0     Dex 20      Spells:  0 memorised,  5 levels left

rFire  . . .     SeeInvis .     a - +1 short sword
rCold  . . .     Clarity  .     e - +0 leather armour
rNeg   . . .     rCorr    .     (no shield)
rPois  .         rRot     .     (no helmet)
rElec  .         Spirit   .     (no cloak)
SustAb .         Warding  .     r - +0 pair of gloves
rMut   .         Stasis   .     (no boots)
Gourm  .                        (no amulet)
MR     .....                    (no ring)
                                (no ring)

@: agile, not resistant to hostile enchantments, fairly stealthy
A: mutation resistance 1
a: Renounce Religion


You were on level 4 of the Dungeon.
You worshipped Ashenzari.
Ashenzari was noncommittal.
You were hungry.

You visited 1 branch of the dungeon, and saw 4 of its levels.

You collected 113 gold pieces.


Innate Abilities, Weirdness & Mutations

You are small and have problems with some larger weapons.
You are somewhat resistant to further mutation.


   Skills:
 - Level 0.8 Fighting
 + Level 6.1 Short Blades
 + Level 5.5 Dodging
 - Level 1.0 Stealth
 - Level 3.0 Evocations


You had 5 spell levels left.
You didn't know any spells.

Inventory:

Hand weapons
 a - a +1 short sword (weapon)
Missiles
 n - 5 tomahawks (quivered)
Armour
 e - a +0 leather armour (worn)
 r - a +0 pair of gloves (worn)
Magical devices
 b - a wand of flame (0)
 c - a wand of enslavement (13)
 d - a wand of random effects (0)
Comestibles
 f - 4 bread rations
 h - a meat ration
 j - 2 beef jerkies
 p - a royal jelly
Scrolls
 o - 2 scrolls of curse armour
 q - a scroll of curse jewellery
Potions
 g - 2 potions of restore abilities

▒··▒ ▒··▒ ▒▒▒▒··▒▒
······· ···£· ▒· ▒···
▒·▒ ▒▒▒▒ ▒··▒
▒···▒▒▒▒··▒▒ ▒··▒
▒···5p·····▒▒▒▒▒▒▒▒··▒
▒▒▒▒▒▒▒▒▒···········▒▒
▒···········▒
▒▒··▒▒▒▒▒▒▒▒▒
▒▒▒▒▒···▒ ▒▒·······▒▒
▒▒·········▒
▒··▒▒▒▒▒▒▒▒▒ ▒▒·▒▒


You could see Grinder.


Message History

Pain shoots through your body!
* * * LOW HITPOINT WARNING * * *
Unknown command.
You're too confused to move!
Grinder closely misses you.
You bump into the rock wall.
You feel less confused.
Grinder says, "Just stop there for a second..."
Grinder gestures.
Grinder blinks!
There is a stone staircase leading up here.
Unknown command.
You hit Grinder.
Grinder is almost dead.
Grinder gestures at you. Pain shoots through your body!
* * * LOW HITPOINT WARNING * * *
Unknown command.
You barely miss Grinder.
Grinder is almost dead.
Unknown command.
Drink which item? (? for menu, Esc to quit)
Okay, then.
You closely miss Grinder.
Grinder is almost dead.
Grinder closely misses you.
You hit Grinder but do no damage.
Grinder is almost dead.
Grinder gestures at you. Pain shoots through your body!
You die...

Action                   |  1- 3 |  4- 6 || total
-------------------------+-------+-------++-------
Melee: Short sword       |   129 |   165 ||   294
Throw: Tomahawk          |     3 |     3 ||     6
Evoke: Wand              |     6 |    26 ||    32
  Use: Scroll            |     2 |     3 ||     5
       Potion            |       |     6 ||     6
 Stab: Sleeping          |     3 |     1 ||     4
       Distracted        |       |     1 ||     1
  Eat: Chunk             |     2 |     7 ||     9

Vault maps used:
D:1:      dpeg_arrival_chase, corexii_corridor_pit
D:2:      nicolae_overflow_hidden_temple, serial_forest,
          infiniplex_forest_clump_curved, infiniplex_forest_clump_C,
          infiniplex_forest_clump_diagonal, infiniplex_forest_3_way,
          infiniplex_forest_diagonal, xom_redecorated
D:3:      grunt_temple_overflow_open, first_bread, uniq_natasha
D:4:      led_sif_book, uniq_grinder, uniq_edmund, uniq_eustachio

Notes
Turn   | Place    | Note
--------------------------------------------------------------
     0 | D:1      | MackTheKnife, the Halfling Artificer, began the quest for the Orb.
     0 | D:1      | Reached XP level 1. HP: 12/12 MP: 1/1
   404 | D:1      | Reached skill level 2 in Short Blades
   404 | D:1      | Reached XP level 2. HP: 18/18 MP: 3/3
   964 | D:1      | Reached XP level 3. HP: 22/22 MP: 4/4
  1056 | D:1      | Reached skill level 3 in Short Blades
  1421 | D:2      | Reached skill level 3 in Dodging
  1801 | D:2      | Reached XP level 4. HP: 27/27 MP: 6/6
  2047 | D:2      | Found a shimmering altar of Xom.
  2047 | D:2      | Found a shimmering altar of Xom.
  2049 | D:2      | Found a shimmering altar of Xom.
  2050 | D:2      | Found a shimmering altar of Xom.
  2050 | D:2      | Found a shimmering altar of Xom.
  2051 | D:2      | Found a shimmering altar of Xom.
  2051 | D:2      | Found a shimmering altar of Xom.
  2209 | D:2      | Reached skill level 4 in Short Blades
  2349 | D:2      | Found a glowing silver altar of Zin.
  2404 | D:3      | Found a sacrificial altar of Ru.
  2405 | D:3      | Found a bloodstained altar of Trog.
  2407 | D:3      | Found a snail-covered altar of Cheibriados.
  2407 | D:3      | Found an ancient bone altar of Kikubaaqudgha.
  2408 | D:3      | Found a shattered altar of Ashenzari.
  2421 | D:3      | Reached XP level 5. HP: 4/32 MP: 7/7
  2719 | D:3      | Became a worshipper of Ashenzari the Shackled
  2775 | D:3      | Reached skill level 4 in Dodging
  2914 | D:3      | Noticed Natasha
  2927 | D:3      | Killed Natasha
  3586 | D:3      | Noticed Natasha
  3587 | D:3      | Killed Natasha
  3652 | D:4      | Reached skill level 5 in Short Blades
  3860 | D:4      | Noticed an ice beast
  3871 | D:4      | Killed an ice beast
  3871 | D:4      | Reached skill level 5 in Dodging
  3871 | D:4      | Reached XP level 6. HP: 37/37 MP: 9/9
  3882 | D:4      | Reached skill level 6 in Short Blades
  3908 | D:4      | Noticed Grinder
  3908 | D:4      | Paralysed by Grinder for 6 turns
  3925 | D:4      | Paralysed by Grinder for 5 turns
  3961 | D:4      | HP: 3/37 [Grinder/nerve-wracking pain (9)]
  3965 | D:4      | HP: 1/37 [Grinder/nerve-wracking pain (2)]
  3968 | D:4      | Killed from afar by Grinder

Vanquished Creatures
  An ice beast (D:4)
  A giant frog (D:4)
  A hound (D:4)
  Natasha (twice) (D:3)
  5 adders
  3 worms
  A giant gecko (D:2)
  An ooze (D:1)
  2 orcs (D:3)
  5 ball pythons
  5 bats
  3 giant cockroaches
  8 goblins
  8 hobgoblins
  6 kobolds
  A giant newt (D:2)
  A jackal skeleton (D:4)
  13 rats
  A plant (D:2)
68 creatures vanquished.

Vanquished Creatures (collateral kills)
  An orc priest (D:3)
  An orc (D:3)
2 creatures vanquished.

Grand Total: 70 creatures vanquished
